 Dungeon Crawl Stone Soup version 0.19.1 (webtiles) character file.

99863 kae the Bludgeoner (level 16, -3/121 HPs)
             Began as a Formicid Fighter on Nov 27, 2016.
             Was the Champion of Okawaru.
             Killed from afar by an ice dragon (40 damage)
             ... with a blast of cold
             ... on level 15 of the Dungeon.
             The game lasted 00:34:09 (22184 turns).

kae the Bludgeoner (Formicid Fighter)              Turns: 22184, Time: 00:34:09

Health: -3/121     AC: 24    Str: 37    XL:     16   Next: 77%
Magic:  22/22      EV:  9    Int:  4    God:    Okawaru [******]
Gold:   2329       SH: 25    Dex: 18    Spells: 0 memorised, 15 levels left

rFire  . . .     SeeInvis +     t - +1 great mace
rCold  . . .     Gourm    .     w - +6 chain mail "Hurepra" {rN+ Str+3 Int-5 Dex+4}
rNeg   + + .     Faith    .     h - +1 large shield
rPois  +         Spirit   .     (helmet unavailable)
rElec  +         Reflect  .     v - +2 cloak of Kaazyhant {rN+}
rCorr  .         Harm     .     S - +1 pair of gloves {Str+3}
MR     +....                    O - +0 pair of boots {Stlth+}
Stlth  ..........               K - amulet of Ceza {-Tele rElec Regen+ Dex+4}
                                a - +4 ring of strength
                                Y - ring of poison resistance

@: no status effects
A: permanent stasis, dig shafts and tunnels, four strong arms, antennae 3
a: Dig, Shaft Self, Heroism, Finesse, Renounce Religion


You were on level 15 of the Dungeon.
You worshipped Okawaru.
Okawaru was exalted by your worship.
You were very hungry.

You visited 4 branches of the dungeon, and saw 24 of its levels.
You also visited: Labyrinth.

You collected 2596 gold pieces.
You spent 267 gold pieces at shops.

Inventory:

Hand Weapons
 t - a +1 great mace (weapon)
 P - the +10 longbow "Decesou" {speed, Int+3}
   (You took it off a minotaur in a labyrinth)

   Attacks with this weapon are significantly faster.
   It affects your intelligence (+3).
Armour
 h - a +1 large shield (worn)
 v - the +2 cloak of Kaazyhant (worn) {rN+}
   (Okawaru gifted it to you on level 14 of the Dungeon)

   It protects you from negative energy.
 w - the +6 chain mail "Hurepra" (worn) {rN+ Str+3 Int-5 Dex+4}
   (You found it on level 8 of the Dungeon)

   It affects your strength (+3).
   It affects your intelligence (-5).
   It affects your dexterity (+4).
   It protects you from negative energy.
 O - a +0 pair of boots of stealth (worn)
 S - a +1 pair of gloves of strength (worn)
Jewellery
 a - a +4 ring of strength (right hand)
 o - an uncursed ring of flight
 K - the amulet of Ceza (around neck) {-Tele rElec Regen+ Dex+4}
   (You found it on level 3 of the Lair of Beasts)

   [amulet of regeneration]

   It affects your dexterity (+4).
   It insulates you from electricity.
   It prevents most forms of teleportation.
   It increases your rate of regeneration.
 Y - a ring of poison resistance (left hand)
Scrolls
 c - 2 scrolls of magic mapping
 j - 5 scrolls of identify
 k - 5 scrolls of amnesia
 r - 11 scrolls of remove curse
 C - 11 scrolls of recharging
 I - 6 scrolls of enchant armour
 J - 4 scrolls of enchant weapon
Potions
 g - 4 potions of flight
 i - 2 potions of cancellation
 l - 4 potions of ambrosia
 m - 5 potions of mutation
 s - 13 potions of curing
 z - a potion of agility
 A - 3 potions of might
 F - 3 potions of invisibility
 G - 2 potions of magic
 Q - a potion of brilliance
 R - 2 potions of beneficial mutation
Books
 u - a book of Conjurations

   Spells                             Type                      Level
   a - Magic Dart                     Conjuration                  1
   b - Searing Ray                    Conjuration                  2
   c - Dazzling Spray                 Conjuration/Hexes            3
   d - Fulminant Prism                Conjuration/Hexes            4
   e - Iskenderun's Mystic Blast      Conjuration                  4
   f - Iskenderun's Battlesphere      Conjuration/Charms           5
 V - a book of Flames

   Spells                             Type                      Level
   a - Flame Tongue                   Conjuration/Fire             1
   b - Throw Flame                    Conjuration/Fire             2
   c - Conjure Flame                  Conjuration/Fire             3
   d - Inner Flame                    Hexes/Fire                   3
   e - Sticky Flame                   Conjuration/Fire             4
   f - Fireball                       Conjuration/Fire             5
Comestibles
 d - 45 fruits
 f - 12 bread rations
 n - 20 beef jerkies
 p - 4 meat rations


   Skills:
 + Level 9.6 Fighting
 * Level 20.3 Maces & Flails
 + Level 9.5 Armour
 - Level 15.4 Shields
 - Level 8.0 Invocations


You had 15 spell levels left.
You didn't know any spells.

Dungeon Overview and Level Annotations

Branches:
Dungeon (15/15)            Temple (1/1) D:4            Lair (6/6) D:8
  Swamp (0/4) Lair:3       Spider (0/4) Lair:3        Slime (0/5) Lair:6
    Orc (2/2) D:9             Elf (0/3) Orc:2        Vaults (0/5) D:13
 Depths: D:15

Altars:
Ashenzari
Cheibriados
Dithmenos
Elyvilon
Fedhas
Gozag
Hepliaklqana
Kikubaaqudgha
Makhleb
Nemelex Xobeh
Okawaru
Qazlal
Ru
Sif Muna
Trog
Uskayaw
Vehumet
Xom
Yredelemnul
Zin
The Shining One

Shops:
D:8 }   Orc:2 ?!*}


Innate Abilities, Weirdness & Mutations

You are under a permanent stasis effect.
You can dig through walls and to a lower floor.
Your four strong arms can wield two-handed weapons with a shield.
You have a pair of large antennae on your head. (SInv)


Message History

The ice dragon tramples you but does no damage.
The fire dragon bites you but does no damage.
The fire dragon claws you but does no damage.
The fire dragon completely misses you.
You closely miss the fire dragon.
The fire dragon is lightly wounded.
You bludgeon the fire dragon!!
The fire dragon is moderately wounded.
The ice dragon breathes frost at you. The blast of cold hits you!
The fire dragon breathes flames at you. The blast of flame hits you!
* * * LOW HITPOINT WARNING * * *
You are too injured to fight recklessly!
You are too injured to fight recklessly!
You are too injured to fight recklessly!
You feel much better. The ice dragon breathes frost at you.
The blast of cold hits you!
You die...

#...............# #.##
########........# #<## #........#
#.##
########........##############.##
[.)(((((........'....[...........
..))...#........##########.###.##
######..........##.$$$$# #.# #.#
##.#########....... #.###.# #..#
##...@D# #.....#
##^###...##D......##.#####
########.##..8.###.$$$$##.....###
.......#.#...!..########.........
.......#.........................
.......#############.###......###
.......# #..##..###.# .......#
#..##.. #.# .......# #...#.. #.#


You could see a fire dragon and an ice dragon.

Vanquished Creatures
  Rupert (D:12)
  Frances (D:12)
  A tengu reaver (D:14)
  Nessos (D:12)
  An ettin (D:14)
  A minotaur (Lab)
  Fannar (Lair:3)
  3 ogre magi
  4 vault guards (D:13)
  Harold (Lair:1)
  5 hydras
  2 centaur warriors (D:14)
  4 death yaks (Lair:6)
  A death knight (D:15)
  2 tengu warriors (D:14)
  Urug (Lair:5)
  The ghost of feelmyfire the Thaumaturge, a journeyman DECj of Vehumet (D:8)
  Sonja (D:12)
  Nergalle (Lair:3)
  2 unseen horrors
  A wizard (D:13)
  An orc knight (D:15)
  The ghost of Monsterracer the Arsonist, a novice DEFE of Vehumet (D:9)
  2 deep trolls (Orc:2)
  6 hill giants
  A phantasmal warrior (D:15)
  15 ugly things
  3 manticores
  An orc sorcerer (Orc:2)
  2 deep elf magi
  3 cyclopes
  5 elephants (Lair:6)
  A moth of wrath (shapeshifter) (D:13)
  Joseph (D:7)
  Psyche (D:8)
  15 spiny frogs
  4 centaur skeletons
  5 gargoyles
  3 kobold demonologists (D:15)
  A yaktaur (D:14)
  4 rime drakes
  6 komodo dragons
  2 freezing wraiths
  13 trolls
  A jumping spider (shapeshifter) (D:14)
  8 polar bears (Lair:6)
  6 two-headed ogres (Orc:2)
  Prince Ribbit (D:8)
  3 raiju (Lair:6)
  28 blink frogs
  9 hippogriffs
  13 slime creatures
  4 wyverns
  A tarantella (shapeshifter) (D:15)
  Eustachio (D:4)
  2 basilisks
  2 wraiths (D:15)
  38 yaks
  A vampire (D:10)
  Grum (Lair:1)
  2 steam dragons
  3 vampire mosquitoes (D:13)
  3 hungry ghosts
  3 mottled dragons
  7 wargs
  13 water moccasins
  7 hell hounds (Lair:6)
  Duvessa (D:6)
  7 porcupines
  4 sky beasts
  An eye of draining (D:15)
  A hornet zombie (D:13)
  2 ice beasts
  14 black bears
  22 orc warriors
  29 ogres
  A phantom (D:7)
  14 wolves
  10 centaurs
  8 crocodiles
  23 bullfrogs
  3 big kobolds
  Dowan (D:6)
  6 scorpions
  A water moccasin skeleton (D:4)
  The ghost of kraedy the Cudgeler, a weakling DsFi (D:3)
  15 killer bees
  4 howler monkeys
  8 wights (D:13)
  An electric eel (Lair:3)
  6 crimson imps
  2 quasits
  5 centaur zombies
  A gnoll shaman (Orc:1)
  A bullfrog zombie (D:11)
  6 jellies
  4 bullfrog skeletons
  21 hounds
  21 orc wizards
  17 orc priests
  Jessica (D:2)
  3 iguanas
  9 worker ants
  2 hound skeletons
  A worker ant zombie (D:11)
  7 gnolls
  A howler monkey skeleton (D:7)
  15 adders
  2 shadow imps
  3 worms
  8 leopard geckos
  104 orcs
  A ball python (D:1)
  6 bats
  8 giant cockroaches
  3 goblins
  4 hobgoblins
  25 jackals
  20 kobolds
  4 quokkas
  4 frilled lizards
  A jackal skeleton (D:5)
  A quokka skeleton (D:6)
  A quokka zombie (D:6)
  6 rats
790 creatures vanquished.

Vanquished Creatures (others)
  A centaur (D:8)
  A kobold (D:3)
  11 fungi
  12 plants
25 creatures vanquished.

Grand Total: 815 creatures vanquished

Notes
Turn   | Place    | Note
-------+----------+-------------------------------------------
     0 | D:1      | kae the Formicid Fighter began the quest for the Orb.
     0 | D:1      | Reached XP level 1. HP: 18/18 MP: 1/1
   404 | D:1      | Reached XP level 2. HP: 24/24 MP: 2/2
   653 | D:1      | Reached skill level 3 in Maces & Flails
   692 | D:1      | Reached XP level 3. HP: 29/29 MP: 3/3
  1143 | D:2      | Noticed Jessica
  1147 | D:2      | Killed Jessica
  1147 | D:2      | Reached XP level 4. HP: 35/35 MP: 4/4
  1396 | D:2      | Reached skill level 4 in Maces & Flails
  1413 | D:2      | Found a blossoming altar of Fedhas.
  1574 | D:2      | Found a hazy altar of Hepliaklqana.
  1574 | D:2      | Found an opulent altar of Gozag.
  1838 | D:3      | Noticed kraedy's ghost (weakling DsFi)
  2350 | D:3      | Reached XP level 5. HP: 41/41 MP: 5/5
  2439 | D:3      | Killed kraedy's ghost
  2463 | D:3      | Found a bloodstained altar of Trog.
  2473 | D:3      | Reached skill level 5 in Shields
  2531 | D:3      | Reached XP level 6. HP: 37/47 MP: 6/6
  2703 | D:3      | Reached skill level 5 in Maces & Flails
  2876 | D:3      | Found a shimmering altar of Xom.
  3188 | D:4      | Noticed Eustachio
  3217 | D:4      | Killed Eustachio
  3217 | D:4      | Reached XP level 7. HP: 42/52 MP: 7/7
  3481 | D:4      | Reached skill level 6 in Maces & Flails
  3515 | D:4      | Found a staircase to the Ecumenical Temple.
  3549 | Temple   | Entered the Ecumenical Temple
  3693 | Temple   | Became a worshipper of Warmaster Okawaru
  3862 | D:5      | Entered Level 5 of the Dungeon
  4007 | D:5      | Reached skill level 1 in Invocations
  4174 | D:5      | Found a blossoming altar of Fedhas.
  4219 | D:5      | Reached skill level 7 in Maces & Flails
  4219 | D:5      | Reached XP level 8. HP: 58/58 MP: 9/9
  4341 | D:6      | Noticed Duvessa
  4343 | D:6      | Noticed Dowan
  4359 | D:6      | Killed Duvessa
  4359 | D:6      | Reached * piety under Okawaru
  4364 | D:6      | Killed Dowan
  4761 | D:6      | Noticed a deep elf mage
  4774 | D:6      | Killed a deep elf mage
  4774 | D:6      | Reached ** piety under Okawaru
  4774 | D:6      | Reached skill level 8 in Maces & Flails
  4774 | D:6      | Reached XP level 9. HP: 64/64 MP: 9/12
  5225 | D:7      | Reached skill level 9 in Maces & Flails
  5225 | D:7      | Reached skill level 5 in Invocations
  5512 | D:7      | Noticed a hippogriff
  5522 | D:7      | Killed a hippogriff
  5522 | D:7      | Reached *** piety under Okawaru
  5652 | D:7      | Noticed Joseph
  5665 | D:7      | Killed Joseph
  5665 | D:7      | Reached skill level 10 in Maces & Flails
  5665 | D:7      | Reached XP level 10. HP: 60/70 MP: 14/14
  5835 | D:7      | Found a shadowy altar of Dithmenos.
  6061 | D:8      | Got a slimy chain mail
  6072 | D:8      | Identified the +6 chain mail "Hurepra" {rN+ Str+3 Int-5 Dex+4} (You found it on level 8 of the Dungeon)
  6227 | D:8      | Noticed Prince Ribbit
  6240 | D:8      | Killed Prince Ribbit
  6240 | D:8      | Reached **** piety under Okawaru
  6295 | D:8      | Found Xoyturi's Quality Used Wands.
  6340 | D:8      | Found a staircase to the Lair.
  6519 | D:8      | Noticed feelmyfire's ghost (journeyman DECj)
  6541 | D:8      | Killed feelmyfire's ghost
  6541 | D:8      | Reached skill level 11 in Maces & Flails
  6696 | D:8      | Reached ***** piety under Okawaru
  6801 | D:8      | Noticed Psyche
  6807 | D:8      | Killed Psyche
  7152 | Lair:1   | Entered Level 1 of the Lair of Beasts
  7156 | Lair:1   | Noticed a komodo dragon
  7167 | Lair:1   | Killed a komodo dragon
  7167 | Lair:1   | Reached skill level 10 in Shields
  7395 | Lair:1   | Noticed Grum
  7527 | Lair:1   | Killed Grum
  7527 | Lair:1   | Reached XP level 11. HP: 75/75 MP: 17/17
  7637 | Lair:1   | Received a gift from Okawaru
  7646 | Lair:1   | Reached skill level 12 in Maces & Flails
  7960 | Lair:1   | Noticed a four-headed hydra
  7971 | Lair:1   | Killed a four-headed hydra
  8077 | Lair:1   | Noticed Harold
  8104 | Lair:1   | Killed Harold
  8480 | Lair:1   | Reached skill level 13 in Maces & Flails
  8678 | Lair:1   | Received a gift from Okawaru
  8951 | Lair:2   | Reached XP level 12. HP: 81/81 MP: 18/18
  9010 | Lair:2   | Noticed a five-headed hydra
  9022 | Lair:2   | Killed a five-headed hydra
  9127 | Lair:2   | Reached skill level 14 in Maces & Flails
  9481 | Lair:3   | Noticed Nergalle
  9493 | Lair:3   | Received a gift from Okawaru
  9508 | Lair:3   | Killed Nergalle
  9549 | Lair:3   | Noticed a five-headed hydra
  9556 | Lair:3   | Killed a five-headed hydra
  9558 | Lair:3   | Found a hole to the Spider Nest.
  9637 | Lair:3   | Got a glittering lead amulet
  9750 | Lair:3   | Noticed Fannar
  9778 | Lair:3   | Killed Fannar
  9910 | Lair:3   | Found a staircase to the Swamp.
 10202 | Lair:3   | Received a gift from Okawaru
 10250 | Lair:3   | Reached ****** piety under Okawaru
 10355 | Lair:3   | Reached skill level 15 in Maces & Flails
 10358 | Lair:3   | Received a gift from Okawaru
 10663 | Lair:4   | Identified the amulet of Ceza {-Tele rElec Regen+ Dex+4} (You found it on level 3 of the Lair of Beasts)
 10929 | Lair:4   | Found a labyrinth entrance.
 10934 | Lair:4   | Reached XP level 13. HP: 86/86 MP: 16/19
 11009 | Lab      | Entered a labyrinth
 11235 | Lab      | Noticed a minotaur
 11276 | Lab      | Killed a minotaur
 11348 | Lab      | Got an uncursed crystal longbow {speed}
 11350 | Lab      | Identified the +10 longbow "Decesou" {speed, Int+3} (You took it off a minotaur in a labyrinth)
 11524 | Lair:4   | Got a twisted chain mail
 11537 | Lair:4   | Identified the +4 chain mail "Tutzarytz" {Slay+2 Stlth+} (You found it on level 4 of the Lair of Beasts)
 11833 | Lair:5   | Noticed Urug
 11860 | Lair:5   | Killed Urug
 12328 | Lair:5   | Reached skill level 16 in Maces & Flails
 12967 | Lair:6   | Entered Level 6 of the Lair of Beasts
 13607 | Lair:6   | Reached XP level 14. HP: 93/93 MP: 20/20
 13626 | Lair:6   | Reached skill level 17 in Maces & Flails
 13742 | Lair:6   | Reached skill level 15 in Shields
 13776 | Lair:6   | Received a gift from Okawaru
 14306 | Lair:6   | Found a staircase to the Slime Pits.
 14898 | D:9      | Found a staircase to the Orcish Mines.
 15166 | D:9      | Found a sacrificial altar of Ru.
 15225 | D:9      | Noticed Monsterracer's ghost (novice DEFE)
 15235 | D:9      | Killed Monsterracer's ghost
 15538 | D:10     | Entered Level 10 of the Dungeon
 15606 | D:10     | Reached skill level 18 in Maces & Flails
 16389 | Orc:1    | Entered Level 1 of the Orcish Mines
 16505 | Orc:2    | Entered Level 2 of the Orcish Mines
 16505 | Orc:2    | Found a staircase to the Elven Halls.
 17384 | Orc:2    | Reached skill level 5 in Armour
 17387 | Orc:2    | Reached skill level 5 in Fighting
 17398 | Orc:2    | Received a gift from Okawaru
 17413 | Orc:2    | Reached XP level 15. HP: 103/103 MP: 21/21
 17606 | Orc:2    | Found Sobbygum's Magic Scroll Emporium.
 17615 | Orc:2    | Found Lepigy's Distillery.
 17680 | Orc:2    | Found Senwiq's General Store.
 17681 | Orc:2    | Found Izusoor's Gadget Shop.
 17707 | Orc:2    | Received a gift from Okawaru
 17729 | Orc:2    | Bought a scroll of identify for 34 gold pieces
 17729 | Orc:2    | Bought a scroll of identify for 34 gold pieces
 17729 | Orc:2    | Bought a scroll of enchant weapon for 127 gold pieces
 17740 | Orc:2    | Bought a potion of curing for 36 gold pieces
 17740 | Orc:2    | Bought a potion of curing for 36 gold pieces
 19263 | D:12     | Noticed Frances
 19288 | D:12     | Killed Frances
 19288 | D:12     | Reached skill level 19 in Maces & Flails
 19380 | D:12     | Noticed Nessos
 19390 | D:12     | Killed Nessos
 19395 | D:12     | Noticed Rupert
 19422 | D:12     | Killed Rupert
 19571 | D:12     | Noticed Sonja
 19583 | D:12     | Killed Sonja
 19931 | D:13     | Found a gate to the Vaults.
 19962 | D:13     | Received a gift from Okawaru
 20668 | D:13     | Received a gift from Okawaru
 20709 | D:13     | Reached XP level 16. HP: 116/116 MP: 22/22
 20938 | D:14     | Found a large runed door.
 20944 | D:14     | Found a large runed door.
 20950 | D:14     | Received a gift from Okawaru
 20953 | D:14     | Got a polished cloak {god gift}
 20965 | D:14     | Identified the +2 cloak of Kaazyhant {rN+} (Okawaru gifted it to you on level 14 of the Dungeon)
 21313 | D:14     | Found a shadowy altar of Dithmenos.
 21326 | D:14     | Found a sparkling altar of Nemelex Xobeh.
 21326 | D:14     | Noticed a tengu reaver
 21335 | D:14     | Killed a tengu reaver
 21365 | D:15     | Entered Level 15 of the Dungeon
 21439 | D:15     | Reached skill level 20 in Maces & Flails
 21839 | D:15     | Received a gift from Okawaru
 22183 | D:15     | HP: 6/121 [fire dragon/blast of flame (46)]
 22184 | D:15     | Killed from afar by an ice dragon

Skill      XL: |  1  2  3  4  5  6  7  8  9 10 11 12 13 14 15 16 |
---------------+-------------------------------------------------+-----
Maces & Flails | 3 4 5 7 8 10 11 13 15 16 18 19 20 | 20.3
Shields        | 4 5 6 7 8 10 11 13 14 15 | 15.4
Invocations    | 2 4 6 8 |  8.0
Fighting       | 5 7 9 |  9.6
Armour         | 5 7 9 |  9.5

Action                   |  1- 3 |  4- 6 |  7- 9 | 10-12 | 13-15 | 16-18 || total
-------------------------+-------+-------+-------+-------+-------+-------++-------
Melee: Flail             |   114 |     5 |       |       |       |       ||   119
       Great mace        |       |   204 |   306 |   166 |  1575 |   389 ||  2640
       Mace              |       |       |    62 |   422 |       |       ||   484
       Dire flail        |       |       |       |    87 |       |       ||    87
Invok: Heroism           |       |       |     3 |    11 |    16 |     2 ||    32
       Finesse           |       |       |       |       |     1 |       ||     1
 Abil: Dig               |       |     2 |     4 |     5 |    18 |       ||    29
  Use: Scroll            |       |    11 |     7 |     2 |     9 |       ||    29
       Potion            |       |     1 |       |       |     7 |     1 ||     9
 Stab: Held in net/web   |       |       |       |     1 |       |       ||     1
       Invisible         |       |       |       |       |     5 |       ||     5
  Eat: Chunk             |     1 |     7 |     9 |    18 |    33 |     6 ||    74
       Pizza             |       |       |       |       |     1 |       ||     1
       Royal jelly       |       |       |       |       |     1 |       ||     1
Armor: Scale mail        |    37 |    94 |    88 |     5 |       |       ||   224
       Chain mail        |       |       |       |   104 |   282 |    77 ||   463
       Skin              |       |       |       |       |     4 |       ||     4
Dodge: Dodged            |    38 |    45 |    71 |    56 |   212 |    54 ||   476
Block: Shield            |    78 |    30 |       |       |       |       ||   108
       Large shield      |       |   193 |   388 |   550 |  1437 |   370 ||  2938
       Reflection        |       |    11 |     2 |    12 |       |       ||    25
